 Dungeon Crawl Stone Soup version 0.24-a0-582-g4d4af813a0 (webtiles) character file.

Game seed: 14487321630157706708

13204 Arang the Cleaver (level 12, -13/101 HPs)
             Began as a Formicid Fighter on Aug 26, 2019.
             Was a Priest of Qazlal.
             Mangled by a red ugly thing (33 damage)
             ... on level 11 of the Dungeon.
             The game lasted 00:27:11 (11138 turns).

Arang the Cleaver (Formicid Fighter)               Turns: 11138, Time: 00:27:12

Health: -13/101    AC: 19    Str: 23    XL:     12   Next: 29%
Magic:  13/13      EV:  8    Int: 16    God:    Qazlal [***...]
Gold:   598        SH: 19    Dex: 10    Spells: 11/11 levels left

rFire    x . .     SeeInvis +   a - +10 war axe of Revolt {chop, rF- Int+7}
rCold    . . .     Gourm    .   c - +0 shield
rNeg     . . .     Faith    .   u - +1 chain mail
rPois    +         Spirit   .   (helmet unavailable)
rElec    .         Reflect  +   M - +2 cloak
rCorr    .         Harm     .   (no gloves)
MR       ++...                  m - +0 pair of boots
Stlth    ..........             n - +3 amulet of reflection
HPRegen  0.26/turn              Y - ring of poison resistance
MPRegen  0.13/turn              U - ring of protection from magic

@: no status effects
A: permanent stasis, dig shafts and tunnels, four strong arms, antennae 3,
yellow scales 1, robust 1, weak 1
a: Dig, Shaft Self, Upheaval, Elemental Force, Renounce Religion


You were on level 11 of the Dungeon.
You worshipped Qazlal.
Qazlal was most pleased with you.
You were hungry.

You visited 2 branches of the dungeon, and saw 12 of its levels.

You collected 741 gold pieces.
You spent 143 gold pieces at shops.

Inventory:

Hand Weapons
 a - the +10 war axe of Revolt (weapon) {chop, rF- Int+7}
   (You found it on level 8 of the Dungeon)

   It inflicts extra damage upon your enemies.
   It affects your intelligence (+7).
   It makes you vulnerable to fire.
 b - a +0 whip of electrocution
 i - a +0 flail of holy wrath
 R - a +4 spear
Missiles
 g - 23 poisoned darts (quivered)
 h - 3 javelins
 B - 5 throwing nets
Armour
 c - a +0 shield (worn)
 m - a +0 pair of boots (worn)
 u - a +1 chain mail (worn)
 A - a scarf of spirit shield
 M - a +2 cloak (worn)
Magical Staves
 K - an uncursed staff of air {unknown}
Jewellery
 n - a +3 amulet of reflection (around neck)
 F - a cursed amulet of inaccuracy {unknown}
 J - an uncursed ring of protection from fire
 U - a ring of protection from magic (right hand)
 Y - a ring of poison resistance (left hand)
 Z - an uncursed ring of protection from magic
Wands
 e - a wand of polymorph (22)
 s - a wand of flame (34)
 x - a wand of paralysis (8)
 E - a wand of digging (10)
 L - a wand of acid (7)
 P - a wand of disintegration (14)
 Q - a wand of random effects (34)
Scrolls
 j - 5 scrolls of amnesia
 k - a scroll of fear
 l - 2 scrolls of magic mapping
 q - 6 scrolls of remove curse
 t - a scroll of immolation
 H - 8 scrolls of identify
 S - a scroll of blinking {unknown}
 T - a scroll of vulnerability {unknown}
 V - a scroll of noise {unknown}
 W - a scroll of enchant weapon
Potions
 o - 3 potions of brilliance {unknown}
 r - 3 potions of heal wounds
 v - 3 potions of curing {unknown}
 z - 4 potions of haste {unknown}
 D - a potion of resistance {unknown}
 G - 4 potions of flight {unknown}
 I - 2 potions of berserk rage {unknown}
 O - 2 potions of lignification {unknown}
Comestibles
 N - 9 rations


   Skills:
 + Level 8.1 Fighting
 * Level 12.5 Axes
 - Level 0.9(8.2) Maces & Flails
 - Level 6.0 Throwing
 * Level 9.8 Armour
 - Level 0.8 Dodging
 + Level 8.3 Shields
 * Level 2.3 Invocations
 + Level 1.5 Evocations


You had 11 spell levels left.
You didn't know any spells.
Your spell library contained the following spells:

 Spells                   Type           Power        Failure   Level  Hunger
 Animate Skeleton         Necr           N/A          86%         1    ##.....
 Apportation              Tloc           #.....       86%         1    ##.....
 Confusing Touch          Hex            #.....       86%         1    ##.....
 Freeze                   Ice            #...         86%         1    ##.....
 Summon Butterflies       Summ           #.......     86%         1    ##.....
 Summon Small Mammal      Summ           #...         86%         1    ##.....
 Throw Frost              Conj/Ice       #.....       94%         2    ###....
 Confuse                  Hex            #.......     99%         3    ####...
 Gell's Gravitas          Tloc           #.........   99%         3    ####...
 Ozocubu's Armour         Chrm/Ice       #.......     99%         3    ####...
 Petrify                  Tmut/Erth      #.......     100%        4    #####..
 Summon Ice Beast         Ice/Summ       #.......     100%        4    #####..
 Throw Icicle             Conj/Ice       #.......     100%        4    #####..
 Metabolic Englaciation   Hex/Ice        #.........   100%        5    ######.
 Summon Demon             Summ           #.........   100%        5    ######.
 Summon Mana Viper        Hex/Summ       #.......     100%        5    ######.
 Yara's Violent Unravell  Hex/Tmut       #.........   100%        5    ######.
 Summon Hydra             Summ           #.........   100%        7    #######


Dungeon Overview and Level Annotations

Branches:
Dungeon (11/15)            Temple (1/1) D:5            Lair (0/6) D:11
    Orc (0/2) D:10

Altars:
Ashenzari
Cheibriados
Dithmenos
Elyvilon
Fedhas
Gozag
Hepliaklqana
Kikubaaqudgha
Makhleb
Nemelex Xobeh
Okawaru
Qazlal
Ru
Sif Muna
Trog
Uskayaw
Vehumet
Wu Jian
Xom
Yredelemnul
Zin
The Shining One

Shops:
D:6 *   D:7 ?[!*=   D:11 }

Portals:
Trove: D:10 (give +2 gold dragon scales)

Annotations:
D:2 exclusion: downstairs
D:3 2 transporters, Rolt's ghost, amateur GrEE
D:4 exclusion: upstairs
D:7 exclusion: downstairs


Innate Abilities, Weirdness & Mutations

You cannot be hasted, slowed, berserked, paralysed or teleported.
You can dig through walls and to a lower floor.
Your four strong arms can wield two-handed weapons with a shield.
You have a pair of large antennae on your head. (SInv)
You are partially covered in yellow scales. (AC +2)
You are robust. (+10% HP)
You are weak. (Str -2)


Message History

* * * LOW HITPOINT WARNING * * *
You are too injured to fight recklessly!
You are too injured to fight recklessly!
You are too injured to fight recklessly!
You closely miss the red ugly thing.
The red ugly thing is severely wounded.
You block the red ugly thing's attack.
You completely miss the red ugly thing.
The red ugly thing is severely wounded.
You block the red ugly thing's attack.
You hit the red ugly thing but do no damage.
The red ugly thing is severely wounded.
The red ugly thing tail-slaps you.
* * * LOW HITPOINT WARNING * * *
You are engulfed in flames!!
The fire burns you terribly!
* * * LOW HITPOINT WARNING * * *
You feel much better. The red ugly thing tail-slaps you.
* * * LOW HITPOINT WARNING * * *
You are engulfed in flames!!
The fire burns you terribly!
You die...

####. #.... #....
#.... #....
##############....
#.................
#.############....
#@######### ##...
#u#...#...#...#...
#c((..)(..'..{#...
###)(.#c!(#...####
##(###### #...#
#...'. #...#)./
#########


You could see a red ugly thing and a centaur warrior.

Vanquished Creatures
  A fire dragon (D:11)
  Harold (D:11)
  A centaur warrior (D:11)
  2 two-headed ogres (D:8)
  An unseen horror (D:11)
  Pikel (D:6)
  A cyclops (D:11)
  Psyche (D:11)
  A kobold demonologist (D:11)
  A yaktaur (D:11)
  4 trolls
  2 hippogriffs
  3 wyverns
  A human (D:10)
  9 yaks
  2 hungry ghosts (D:11)
  Menkaure (D:4)
  Edmund (D:4)
  3 orc warriors (D:10)
  A sky beast (D:9)
  2 ice beasts
  A black bear (D:11)
  3 centaurs
  2 ogres
  A crocodile (D:10)
  4 big kobolds
  A bullfrog (D:11)
  A gnoll sergeant (D:8)
  A water moccasin zombie (D:7)
  A scorpion (D:11)
  5 killer bees (D:7)
  4 crimson imps
  A bullfrog zombie (D:11)
  A jelly (D:11)
  3 hounds
  3 bullfrog skeletons
  10 orc priests
  Crazy Yiuf (D:6)
  3 centaur skeletons
  3 iguanas
  15 orc wizards
  7 worker ants
  A hound zombie (D:9)
  A hound skeleton (D:5)
  A worker ant zombie (D:7)
  8 gnolls
  A howler monkey skeleton (D:4)
  14 adders
  2 river rats (D:6)
  A shadow imp (D:10)
  A worm (D:6)
  2 dart slugs (D:1)
  2 leopard geckos
  43 orcs
  A ball python (D:3)
  10 giant cockroaches
  10 goblins
  5 hobgoblins
  21 kobolds
  A quokka (D:2)
  9 bats
  4 frilled lizards
  A leopard gecko skeleton (D:4)
  A quokka skeleton (D:4)
  13 rats
264 creatures vanquished.

Vanquished Creatures (others)
  A centaur (D:9)
  A kobold (D:11)
  6 plants (D:3)
8 creatures vanquished.

Grand Total: 272 creatures vanquished

Notes
Turn   | Place    | Note
-------+----------+-------------------------------------------
     0 | D:1      | Arang the Formicid Fighter began the quest for the Orb.
     0 | D:1      | Reached XP level 1. HP: 18/18 MP: 1/1
    61 | D:1      | Reached XP level 2. HP: 21/24 MP: 2/2
   326 | D:1      | Reached XP level 3. HP: 24/30 MP: 3/3
   907 | D:1      | Reached XP level 4. HP: 33/37 MP: 4/4
  1579 | D:3      | Found a transporter.
  1579 | D:3      | Found a transporter.
  1593 | D:3      | Reached skill level 3 in Axes
  1593 | D:3      | Reached XP level 5. HP: 41/42 MP: 5/5
  1870 | D:3      | Found a glowing golden altar of the Shining One.
  2121 | D:3      | Reached skill level 4 in Axes
  2129 | D:3      | Reached XP level 6. HP: 48/48 MP: 6/6
  2216 | D:3      | Noticed Rolt's ghost (amateur GrEE)
  3115 | D:2      | Reached skill level 1 in Throwing
  3822 | D:4      | Noticed an ogre
  4063 | D:3      | Reached skill level 5 in Axes
  4063 | D:3      | Reached XP level 7. HP: 55/55 MP: 7/7
  4147 | D:4      | Noticed Edmund
  4160 | D:4      | Killed Edmund
  4160 | D:4      | Reached skill level 5 in Armour
  4359 | D:4      | Noticed Menkaure
  4385 | D:4      | Killed Menkaure
  4832 | D:4      | Reached XP level 8. HP: 61/61 MP: 8/8
  5338 | D:5      | Entered Level 5 of the Dungeon
  5514 | D:5      | Reached skill level 6 in Axes
  5591 | D:5      | Found a staircase to the Ecumenical Temple.
  5598 | Temple   | Entered the Ecumenical Temple
  5786 | Temple   | Became a worshipper of Qazlal Stormbringer
  6083 | D:6      | Found Haden's General Store.
  6085 | D:6      | Noticed Pikel
  6122 | D:6      | Killed Pikel
  6122 | D:6      | Reached skill level 5 in Fighting
  6122 | D:6      | Reached skill level 7 in Axes
  6122 | D:6      | Reached XP level 9. HP: 19/68 MP: 9/9
  6866 | D:6      | Found a runed translucent door.
  6867 | D:6      | Noticed Crazy Yiuf
  6875 | D:6      | Killed Crazy Yiuf
  6949 | D:7      | Found Vesmyc's Jewellery Shop.
  6974 | D:7      | Noticed a hippogriff
  6983 | D:7      | Killed a hippogriff
  7124 | D:7      | Reached skill level 8 in Axes
  7150 | D:7      | Found Oracoxe's General Store.
  7150 | D:7      | Found Xomenk Lauxu's Distillery.
  7339 | D:7      | Found Lulao's Magic Scroll Emporium.
  7340 | D:7      | Found Suragare's Armour Shop.
  7419 | D:7      | Bought a potion of mutation for 88 gold pieces
  7419 | D:7      | Bought a potion of heal wounds for 55 gold pieces
  7419 | D:7      | Gained mutation: You are robust. (+10% HP) [potion of
                  | mutation]
  7419 | D:7      | Gained mutation: You are weak. (Str -2) [potion of
                  | mutation]
  7419 | D:7      | Gained mutation: You are partially covered in yellow
                  | scales. (AC +2) [potion of mutation]
  7503 | D:8      | Noticed a troll
  7522 | D:8      | Killed a troll
  7522 | D:8      | Reached skill level 5 in Throwing
  7578 | D:8      | Reached * piety under Qazlal
  7796 | D:8      | Noticed a two-headed ogre
  7937 | D:8      | Noticed a two-headed ogre
  7969 | D:8      | Killed a two-headed ogre
  7969 | D:8      | Reached skill level 5 in Shields
  7969 | D:8      | Reached XP level 10. HP: 84/84 MP: 10/10
  8007 | D:8      | Reached skill level 1 in Evocations
  8130 | D:8      | Got a shimmering war axe
  8131 | D:8      | Identified the +10 war axe of Revolt {chop, rF- Int+7} (You
                  | found it on level 8 of the Dungeon)
  8303 | D:8      | Killed a two-headed ogre
  8672 | D:9      | Reached skill level 9 in Axes
  8813 | D:9      | Reached ** piety under Qazlal
  8994 | D:9      | Reached XP level 11. HP: 92/92 MP: 12/12
  9063 | D:10     | Entered Level 10 of the Dungeon
  9091 | D:10     | Found a staircase to the Orcish Mines.
  9100 | D:10     | Reached skill level 10 in Axes
  9405 | D:10     | Reached skill level 11 in Axes
  9405 | D:10     | Reached *** piety under Qazlal
 10245 | D:10     | Found a portal to a secret trove of treasure.
 10439 | D:11     | Found a staircase to the Lair.
 10469 | D:11     | Noticed Harold
 10484 | D:11     | Killed Harold
 10499 | D:11     | Noticed Psyche
 10506 | D:11     | Killed Psyche
 10644 | D:11     | Identified Veyso's Tome of Companions
 10831 | D:11     | Found Iqoif's Gadget Shop.
 10960 | D:11     | Noticed an unseen horror
 10960 | D:11     | Noticed a fire dragon
 10966 | D:11     | Noticed a cyclops
 10967 | D:11     | Reached skill level 12 in Axes
 10968 | D:11     | Killed an unseen horror
 10968 | D:11     | Reached skill level 1 in Invocations
 10968 | D:11     | Reached XP level 12. HP: 100/101 MP: 13/13
 10973 | D:11     | Killed a fire dragon
 10974 | D:11     | Noticed a centaur warrior
 10975 | D:11     | Noticed a centaur warrior
 10984 | D:11     | Killed a centaur warrior
 11137 | D:11     | HP: 3/101 [red ugly thing (22)]
 11138 | D:11     | Mangled by a red ugly thing

Levels and vault maps discovered:
D:1:      minmay_arrival_cross, layout_basic, serial_co_window_serial,
          co_window_of_opportunity_a, co_window_of_opportunity_a,
          co_window_of_opportunity_a, co_window_paths_a, co_window_paths_a,
          co_window_corner_b, co_window_unsneaky_path_e, co_window_corner_cb,
          glass_columns_a, glass_columns_b, glass_columns_b, glass_columns_b,
          glass_columns_b
D:2:      layout_rooms, kennysheep_donut, grunt_decor_one_mirror
D:3:      layout_basic, tso_metal_star, serial_glass, glass_columns_b,
          glass_columns_a, glass_columns_b, glass_columns_a, feat_on_display,
          gammafunk_ghost_gnarly_gnolls, minmay_quadrilaterals
D:4:      layout_cave_pods, chequers_serial_rivers_small_3, minmay_cupped,
          uniq_menkaure, uniq_edmund
D:5:      layout_cave_pools, minmay_temple_entry_drinking_statues, first_ration,
          chequers_serial_rivers_marsh
D:6:      layout_rooms, portal_sewer_entry_e, serial_shops,
          nicolae_shop_behind_doors, minmay_misc_feat_hallway,
          uniq_crazy_yiuf_cottage, uniq_pikel
D:7:      layout_basic, serial_shops, nicolae_shop_waterfront,
          nicolae_shop_window_shopping, nicolae_shop_trees, shop,
          nicolae_shop_stone
D:8:      layout_basic
D:9:      layout_basic
D:10:     layout_cave_pods, david_orc_2, trove_entry_hex_spiral, grunt_pizzeria
D:11:     layout_basic, lair_entry_dummy, serial_shops, shop_coins,
          minmay_evil_grid, uniq_psyche, uniq_harold
Temple:   minmay_crystal_snake_temple

Skill      XL: |  1  2  3  4  5  6  7  8  9 10 11 12 |
---------------+-------------------------------------+-----
Armour         | 4 5 6 7 8 9 |  9.8
Fighting       | 4 5 6 7 8 |  8.1
Axes           | 3 4 5 7 8 9 12 | 12.5
Throwing       | 1 2 4 6 |  6.0
Shields        | 5 6 8 |  8.3
Evocations     | 1 |  1.5
Invocations    | 1 2 |  2.3
Maces & Flails | |  0.9
Dodging        | |  0.8

Action                   |  1- 3 |  4- 6 |  7- 9 | 10-12 || total
-------------------------+-------+-------+-------+-------++-------
Melee: War axe           |    75 |   159 |   104 |   262 ||   600
       Flail             |       |       |     7 |       ||     7
       Whip              |       |       |   134 |    16 ||   150
Throw: Dart              |       |    39 |    84 |    11 ||   134
Evoke: Wand              |       |       |     5 |       ||     5
  Use: Scroll            |       |     4 |     6 |       ||    10
       Potion            |       |       |     2 |     1 ||     3
  Eat: Chunk             |       |    10 |    12 |    13 ||    35
Armor: Scale mail        |    29 |     9 |       |       ||    38
       Chain mail        |       |    48 |    92 |    77 ||   217
Dodge: Dodged            |    22 |    43 |    49 |    48 ||   162
Block: Shield            |    45 |   119 |   156 |   210 ||   530
       Reflection        |       |       |     3 |    20 ||    23

Table legend:
 A = Non-vault XP
 B = Vault XP
 C = Vault XP percentage of total XP
 D = Non-vault monster count
 E = Vault monster count
 F = Vault count percentage of total count
                 A         B        C        D         E       F
            +---------+---------+-------+---------+---------+-------
      Total |   12180 |    6684 |  35.4 |     232 |      33 |  12.5
            +---------+---------+-------+---------+---------+-------
        D:1 |      72 |       0 |   0.0 |      26 |       0 |   0.0
        D:2 |      38 |       0 |   0.0 |      14 |       0 |   0.0
        D:3 |     335 |      17 |   4.8 |      38 |       4 |   9.5
        D:4 |     335 |     338 |  50.2 |      24 |       3 |  11.1
        D:5 |     201 |       0 |   0.0 |       8 |       0 |   0.0
        D:6 |     133 |     731 |  84.6 |       1 |      10 |  90.9
        D:7 |     836 |       0 |   0.0 |      11 |       0 |   0.0
        D:8 |    2854 |       0 |   0.0 |      24 |       0 |   0.0
        D:9 |    1941 |       0 |   0.0 |      30 |       0 |   0.0
       D:10 |    2631 |     356 |  11.9 |      26 |       8 |  23.5
       D:11 |    2804 |    5242 |  65.2 |      30 |       8 |  21.1
            +---------+---------+-------+---------+---------+-------
